[Event "Fall IM Norm Invitational 2020"]
[Site "Charlotte"]
[Date "2020.10.03"]
[Round "5.2"]
[White "Francisco, Richard"]
[Black "Martin Del Campo C., Roberto"]
[Result "0-1"]
[ECO "A26"]
[WhiteElo "2303"]
[BlackElo "2311"]
[Annotator "ChessBase"]
[PlyCount "78"]
[EventDate "2020.09.30"]
[EventType "tourn"]
[EventCountry "USA"]
[SourceTitle "playchess.com"]
[Source "ChessBase"]
[SourceQuality "1"]
[TimeControl "5400+30"]

1. c4 g6 2. g3 Bg7 3. Bg2 d6 4. Nc3 e5 5. d3 Nc6 6. e4 Nd4 7. Be3 Ne7 8. h4 h5 9. Qd2 c5 10. Nd5 Nxd5 11. cxd5 O-O 12. Nf3 Bd7 13. O-O Rc8 14. Nh2 Qb6 15. f4 exf4 16. gxf4 f5 17. Rab1 Qa6 18. b3 Rfe8 19. Kh1 Re7 20. Rg1 Qb5 21. Bf1 Be8 22. Rg3 Bf7 23. Qg2 Qd7 24. Nf3 Nxf3 25. Qxf3 Rce8 26. Bh3 Qb5 27. Bf1 Qa5 28. Qg2 fxe4 29. Rxg6 Bxg6 30. Qxg6 Qxa2 31. Re1 Qxb3 32. f5 Qc3 33. Rc1 Qf6 34. Qxh5 exd3 35. Bd2 Re4 36. Bh3 Qxh4 37. Qf3 Re2 38. f6 Qxf6 39. Qxd3 Qf2 0-1

[Event "Fall IM Norm Invitational 2020"]
[Site "Charlotte"]
[Date "2020.10.03"]
[Round "5.3"]
[White "Krykun, Yuriy"]
[Black "Andrianov, Nikolay"]
[Result "1/2-1/2"]
[ECO "B31"]
[WhiteElo "2371"]
[BlackElo "1816"]
[Annotator "ChessBase"]
[PlyCount "81"]
[EventDate "2020.09.30"]
[EventType "tourn"]
[EventCountry "USA"]
[SourceTitle "playchess.com"]
[Source "ChessBase"]
[SourceQuality "1"]
[TimeControl "5400+30"]

1. e4 c5 2. Nf3 Nc6 3. Bb5 g6 4. O-O Bg7 5. c3 Nf6 6. Re1 O-O 7. d4 d5 8. e5 Ne4 9. Be3 cxd4 10. cxd4 f6 11. Bxc6 bxc6 12. Nbd2 Rb8 13. b3 Bg4 14. exf6 Rxf6 15. Qc1 Bxf3 16. Nxf3 Rc8 17. b4 Qd6 18. b5 c5 19. dxc5 Nxc5 20. Bd4 Rff8 21. Bxg7 Kxg7 22. Qb2+ Kg8 23. Rad1 e6 24. Ne5 Na4 25. Qd4 Nc3 26. Rd3 Nxb5 27. Qg4 Rc7 28. a4 Na3 29. h4 Nc2 30. Re2 Rf5 31. Nf3 Nb4 32. Rd1 e5 33. Nxe5 Rxe5 34. Rxe5 Qxe5 35. Qxb4 Rc4 36. Qb7 Rxh4 37. Qa8+ Kg7 38. Qxa7+ Kh6 39. Qe3+ Qxe3 40. fxe3 Rxa4 41. Rxd5 1/2-1/2

[Event "Fall IM Norm Invitational 2020"]
[Site "Charlotte"]
[Date "2020.10.03"]
[Round "5.4"]
[White "Vivekananthan, Anish"]
[Black "Matros, Alexander"]
[Result "0-1"]
[ECO "D35"]
[WhiteElo "2239"]
[BlackElo "2417"]
[Annotator "ChessBase"]
[PlyCount "104"]
[EventDate "2020.09.30"]
[EventType "tourn"]
[EventCountry "USA"]
[SourceTitle "playchess.com"]
[Source "ChessBase"]
[SourceQuality "1"]
[TimeControl "5400+30"]

1. d4 d5 2. c4 e6 3. Nc3 Nf6 4. cxd5 exd5 5. Bg5 c6 6. e3 h6 7. Bh4 Bd6 8. Bd3 O-O 9. Qc2 a5 10. Nf3 Na6 11. a3 Re8 12. O-O Nc7 13. Kh1 Bg4 14. Ng1 Bd7 15. Rae1 Ne6 16. Nf3 Nf8 17. Na4 Bg4 18. Nd2 g5 19. Bg3 Bxg3 20. fxg3 N8d7 21. h3 Be6 22. g4 Qc7 23. Rf3 Kg7 24. Nf1 h5 25. gxh5 Nxh5 26. Bf5 Rh8 27. Kg1 Qd6 28. Re2 Rae8 29. Ref2 Re7 30. Nc3 Bxf5 31. Rxf5 Qg6 32. Qd1 Kg8 33. Qg4 f6 34. R5f3 Rh6 35. Ng3 Ng7 36. Nf1 f5 37. Rxf5 Nxf5 38. Rxf5 Rg7 39. Rf2 Rh4 40. Qg3 Qh6 41. Nh2 g4 42. Rf4 Nf6 43. Kf1 Qg5 44. Rf2 gxh3 45. Qxg5 Rxg5 46. gxh3 Rxh3 47. Nf3 Rgg3 48. Ke2 Ng4 49. Rf1 Rg2+ 50. Kd3 Nf2+ 51. Ke2 Ne4+ 52. Kd3 Rxf3 0-1

[Event "Fall IM Norm Invitational 2020"]
[Site "Charlotte"]
[Date "2020.10.03"]
[Round "5.5"]
[White "Li, Eric"]
[Black "Velikanov, Alexander"]
[Result "1/2-1/2"]
[ECO "A50"]
[WhiteElo "2334"]
[BlackElo "2274"]
[Annotator "ChessBase"]
[PlyCount "124"]
[EventDate "2020.09.30"]
[EventType "tourn"]
[EventCountry "USA"]
[SourceTitle "playchess.com"]
[Source "ChessBase"]
[SourceQuality "1"]
[TimeControl "5400+30"]

1. d4 Nf6 2. c4 b6 3. Nc3 Bb7 4. Qc2 d5 5. cxd5 Nxd5 6. e4 Nxc3 7. bxc3 e5 8. dxe5 Nd7 9. e6 fxe6 10. Be3 Qh4 11. Nf3 Qxe4 12. Qxe4 Bxe4 13. Ng5 Bf5 14. Bc4 Ke7 15. Bf4 h6 16. Nf3 g5 17. Be3 Bg7 18. Nd4 c5 19. Nxf5+ exf5 20. Bd2 Ne5 21. Be2 Rhd8 22. O-O-O f4 23. Kc2 Rd6 24. h4 Rad8 25. hxg5 hxg5 26. g3 Nd3 27. Bxf4 Nxf4 28. gxf4 gxf4 29. a4 Rxd1 30. Rxd1 Rh8 31. f3 Rh2 32. Rd2 Rf2 33. Bd1 Rf1 34. Re2+ Kd6 35. Rd2+ Ke6 36. Re2+ Be5 37. Rd2 Ke7 38. Re2 Kd6 39. Rd2+ Kc7 40. Be2 Ra1 41. Kb3 Rb1+ 42. Kc2 Ra1 43. Kb3 Rc1 44. Rc2 Rb1+ 45. Rb2 Ra1 46. Rd2 Re1 47. Kc2 Bf6 48. Kb3 Bh4 49. Bb5 Re3 50. Rd7+ Kc8 51. Rd3 Re7 52. Ba6+ Kc7 53. Bb5 Bf2 54. Rd2 Be3 55. Rd3 Rg7 56. Rd1 Rh7 57. Bd3 Rh3 58. Be4 a6 59. Rd7+ Kxd7 60. Bf5+ Kd6 61. Bxh3 Kd5 62. Bf1 a5 1/2-1/2

[Event "Fall IM Norm Invitational 2020"]
[Site "Charlotte"]
[Date "2020.10.03"]
[Round "6.1"]
[White "Stearman, Josiah"]
[Black "Vivekananthan, Anish"]
[Result "0-1"]
[ECO "E05"]
[WhiteElo "2354"]
[BlackElo "2239"]
[Annotator "ChessBase"]
[PlyCount "96"]
[EventDate "2020.09.30"]
[EventType "tourn"]
[EventCountry "USA"]
[SourceTitle "playchess.com"]
[Source "ChessBase"]
[SourceQuality "1"]
[TimeControl "5400+30"]

1. d4 Nf6 2. c4 e6 3. Nf3 d5 4. g3 Be7 5. Bg2 O-O 6. O-O dxc4 7. Qc2 b6 8. Ne5 Qxd4 9. Bxa8 Qxe5 10. Bf3 Ba6 11. Bf4 Qc5 12. Nc3 Nd5 13. Ne4 Qb5 14. a4 Qd7 15. Rfd1 Nc6 16. Nc3 Ncb4 17. Qd2 c6 18. e4 Rd8 19. exd5 cxd5 20. Nb5 h6 21. Be2 Bc8 22. Bc7 Rf8 23. Bxc4 a6 24. Bf4 axb5 25. Bxb5 Qa7 26. Rac1 Bc5 27. Be3 Bb7 28. Bd4 Rc8 29. Qf4 Nc6 30. Bxc6 Bxc6 31. b4 Bxb4 32. Bxg7 Kxg7 33. Qxb4 Qd7 34. Qxb6 e5 35. Rc5 d4 36. Rxe5 Bf3 37. Qb3 d3 38. Re3 Bxd1 39. Rxd3 Bxb3 40. Rxd7 Bxa4 41. Rd3 Rc1+ 42. Kg2 Bc6+ 43. Kh3 Rf1 44. f4 Rf2 45. Rd6 Bg2+ 46. Kg4 Bf3+ 47. Kh3 h5 48. Rd3 Bg4+ 0-1

[Event "Fall IM Norm Invitational 2020"]
[Site "Charlotte"]
[Date "2020.10.03"]
[Round "6.2"]
[White "Matros, Alexander"]
[Black "Li, Eric"]
[Result "1/2-1/2"]
[ECO "B20"]
[WhiteElo "2417"]
[BlackElo "2334"]
[Annotator "ChessBase"]
[PlyCount "77"]
[EventDate "2020.09.30"]
[EventType "tourn"]
[EventCountry "USA"]
[SourceTitle "playchess.com"]
[Source "ChessBase"]
[SourceQuality "1"]
[TimeControl "5400+30"]

1. e4 c5 2. b3 Nc6 3. Bb2 d6 4. Bb5 Bd7 5. f4 Nf6 6. Nc3 g6 7. Bxc6 Bxc6 8. Qe2 Bg7 9. O-O-O O-O 10. Nf3 Qa5 11. e5 Nd5 12. Nxd5 Bxd5 13. Kb1 Rac8 14. exd6 exd6 15. Bxg7 Kxg7 16. Rhe1 Rc6 17. Qe3 f6 18. Qc3 Qxc3 19. dxc3 Bxf3 20. gxf3 Kf7 21. f5 Re8 22. fxg6+ hxg6 23. Rxe8 Kxe8 24. c4 Ke7 25. Re1+ Kf7 26. Kc1 Rc8 27. Kd2 Rh8 28. Re2 Rh5 29. Ke3 Re5+ 30. Kf2 Rf5 31. h4 Rh5 32. Kg3 Re5 33. Rd2 Ke6 34. Kf4 Re1 35. Rg2 Kf7 36. Rd2 Ke6 37. Rg2 Kf7 38. Rd2 Ke6 39. Rg2 1/2-1/2

[Event "Fall IM Norm Invitational 2020"]
[Site "Charlotte"]
[Date "2020.10.03"]
[Round "6.5"]
[White "Krykun, Yuriy"]
[Black "Francisco, Richard"]
[Result "1-0"]
[ECO "A36"]
[WhiteElo "2371"]
[BlackElo "2303"]
[Annotator "ChessBase"]
[PlyCount "93"]
[EventDate "2020.09.30"]
[EventType "tourn"]
[EventCountry "USA"]
[SourceTitle "playchess.com"]
[Source "ChessBase"]
[SourceQuality "1"]
[TimeControl "5400+30"]

1. c4 c5 2. g3 Nc6 3. Bg2 g6 4. Nc3 Bg7 5. d3 d6 6. Qd2 e5 7. b3 Nge7 8. Bb2 O-O 9. e3 Be6 10. Nd5 Qd7 11. h4 Bxd5 12. cxd5 Nb4 13. e4 Qb5 14. Bf1 a5 15. d4 Qb6 16. dxe5 dxe5 17. Bc4 Nc8 18. Nf3 Nd6 19. Qe2 Rfe8 20. O-O Na6 21. a4 Nc7 22. h5 Re7 23. Kg2 Rf8 24. hxg6 hxg6 25. Rh1 f5 26. exf5 Rxf5 27. Nh4 Rf6 28. Bc1 Ref7 29. Rf1 e4 30. Ra2 Rf3 31. Kg1 Rxb3 32. Bxb3 Qxb3 33. Ra3 Qxd5 34. Nxg6 Nc4 35. Nf4 Rxf4 36. Bxf4 Ne6 37. Qa2 Bb2 38. Rb3 Be5 39. Qe2 Bg7 40. Rxb7 Qxb7 41. Qxc4 Kf7 42. Re1 Bd4 43. Be3 Kf6 44. Kg2 Kf5 45. Qe2 Bxe3 46. Qxe3 Ke5 47. f3 1-0

[Event "Fall IM Norm Invitational 2020"]
[Site "Charlotte"]
[Date "2020.10.04"]
[Round "7.1"]
[White "Li, Eric"]
[Black "Stearman, Josiah"]
[Result "0-1"]
[ECO "E07"]
[WhiteElo "2334"]
[BlackElo "2354"]
[Annotator "ChessBase"]
[PlyCount "106"]
[EventDate "2020.09.30"]
[EventType "tourn"]
[EventCountry "USA"]
[SourceTitle "playchess.com"]
[Source "ChessBase"]
[SourceQuality "1"]
[TimeControl "5400+30"]

1. d4 Nf6 2. c4 e6 3. g3 d5 4. Bg2 Be7 5. Nf3 O-O 6. Nc3 c6 7. O-O b6 8. b3 Nbd7 9. Qd3 Ba6 10. Rd1 c5 11. e4 cxd4 12. Nxd4 dxc4 13. bxc4 Qc8 14. Ndb5 Ne5 15. Qe2 Bxb5 16. Nxb5 Qxc4 17. Qxc4 Nxc4 18. e5 Nd5 19. Bxd5 exd5 20. Nc7 Rac8 21. Nxd5 Bc5 22. Bf4 Rfe8 23. Re1 Bd4 24. Rac1 Rc5 25. Kg2 b5 26. Nb4 h6 27. h4 a5 28. Nd3 Rcc8 29. Re2 b4 30. g4 Bc3 31. g5 h5 32. f3 Nd6 33. Nf2 Nf5 34. Bg3 a4 35. Ne4 Nxg3 36. Nxg3 b3 37. axb3 axb3 38. Nxh5 Bd4 39. Rb1 Rc2 40. Nf4 Rxe5 41. Kf1 Rexe2 42. Nxe2 b2 43. Ke1 Be3 44. Kd1 Rd2+ 45. Ke1 g6 46. f4 Kf8 47. Kf1 Rc2 48. Ke1 Rc1+ 49. Nxc1 bxc1=Q+ 50. Rxc1 Bxc1 51. h5 gxh5 52. Ke2 Bxf4 53. Kf3 Bxg5 0-1

[Event "Fall IM Norm Invitational 2020"]
[Site "Charlotte"]
[Date "2020.10.04"]
[Round "7.2"]
[White "Adamson, Robby"]
[Black "Krykun, Yuriy"]
[Result "0-1"]
[ECO "B13"]
[WhiteElo "2235"]
[BlackElo "2371"]
[Annotator "ChessBase"]
[PlyCount "162"]
[EventDate "2020.09.30"]
[EventType "tourn"]
[EventCountry "USA"]
[SourceTitle "playchess.com"]
[Source "ChessBase"]
[SourceQuality "1"]
[TimeControl "5400+30"]

1. e4 c6 2. d4 d5 3. exd5 cxd5 4. Bd3 Nc6 5. c3 Nf6 6. Bf4 g6 7. Nf3 Bg7 8. O-O O-O 9. Re1 Bf5 10. Na3 Bxd3 11. Qxd3 Rc8 12. Nc2 Qb6 13. Rab1 Rfe8 14. Ne3 e6 15. h3 Qa6 16. Qxa6 bxa6 17. Rbc1 Nd7 18. Red1 Na5 19. b3 Nb6 20. Rc2 f6 21. Bd6 Red8 22. Bc5 Bf8 23. Bxf8 Kxf8 24. h4 h6 25. Rd3 Kf7 26. Re2 Nb7 27. Nd1 Nd6 28. Nd2 a5 29. a4 Nf5 30. g3 Rc7 31. Nf3 g5 32. hxg5 hxg5 33. Ne3 Nd6 34. Ng4 Re8 35. Kg2 Nd7 36. Nd2 f5 37. Ne5+ Nxe5 38. Rxe5 g4 39. c4 dxc4 40. bxc4 Nxc4 41. Nxc4 Rxc4 42. Rxa5 Rc7 43. d5 e5 44. d6 Rd7 45. Rdd5 Kf6 46. f3 gxf3+ 47. Kxf3 Re6 48. Ke3 Rdxd6 49. Rxd6 Rxd6 50. Rxa7 Rb6 51. Ra8 Rb3+ 52. Kf2 Ke6 53. Ra5 Ra3 54. Kg2 e4 55. Kf2 Kf6 56. Ra8 Rf3+ 57. Kg2 Ke5 58. a5 Kd4 59. a6 Ra3 60. Rd8+ Ke3 61. Rd5 Ra2+ 62. Kh3 f4 63. gxf4 Kf3 64. f5 Rxa6 65. Kh4 Kf4 66. Kh3 e3 67. Rd1 Kxf5 68. Kg2 Ke4 69. Rd8 Rf6 70. Ra8 Rf2+ 71. Kg1 Kf3 72. Rf8+ Ke2 73. Ra8 Rf7 74. Ra2+ Kd3 75. Ra3+ Ke4 76. Ra8 e2 77. Ra4+ Kf3 78. Ra3+ Kg4 79. Ra4+ Kg3 80. Ra3+ Rf3 81. Ra1 Rd3 0-1

[Event "Fall IM Norm Invitational 2020"]
[Site "Charlotte"]
[Date "2020.10.04"]
[Round "7.3"]
[White "Vivekananthan, Anish"]
[Black "Martin Del Campo C., Roberto"]
[Result "1/2-1/2"]
[ECO "B34"]
[WhiteElo "2239"]
[BlackElo "2311"]
[Annotator "ChessBase"]
[PlyCount "170"]
[EventDate "2020.09.30"]
[EventType "tourn"]
[EventCountry "USA"]
[SourceTitle "playchess.com"]
[Source "ChessBase"]
[SourceQuality "1"]
[TimeControl "5400+30"]

1. e4 c5 2. Nc3 Nc6 3. Nge2 d6 4. g3 g6 5. d4 cxd4 6. Nxd4 Bg7 7. Nde2 Bg4 8. Bg2 Bxc3+ 9. bxc3 Qa5 10. O-O Nf6 11. f3 Be6 12. Bd2 O-O 13. Kh1 Bc4 14. Re1 d5 15. e5 Nxe5 16. Nd4 Nc6 17. Nxc6 bxc6 18. Rxe7 Rfe8 19. Qe1 Kg7 20. Re3 h5 21. a4 Rab8 22. h4 c5 23. Kh2 Qb6 24. Qf2 Qc6 25. a5 Qc7 26. Rxe8 Rxe8 27. Be3 Nd7 28. Re1 Re6 29. Bh3 f5 30. Bf4 Qc6 31. g4 Rxe1 32. Qxe1 d4 33. Qg3 fxg4 34. fxg4 Be2 35. g5 Bg4 36. Bg2 Qe6 37. cxd4 cxd4 38. Qd3 Qe1 39. Qxd4+ Kh7 40. Bg3 Qxa5 41. Bf2 Qc7+ 42. Bg3 Qxc2 43. Qxa7 Qc5 44. Qb7 Qe7 45. Qd5 Qe6 46. Qd4 Bf5 47. Bd6 Qe1 48. Bg3 Qe6 49. Qf4 Qe2 50. Qd4 Qe6 51. Qb2 Bg4 52. Qd2 Ne5 53. Qf4 Nd7 54. Kh1 Bf5 55. Bf2 Ne5 56. Bd4 Ng4 57. Qc7+ Qd7 58. Qxd7+ Bxd7 59. Bd5 Bf5 60. Kg2 Bc2 61. Kf1 Bd3+ 62. Ke1 Bf5 63. Kd2 Bb1 64. Kc3 Nh2 65. Bg2 Ba2 66. Kb4 Kg8 67. Kc5 Kf7 68. Kd6 Bc4 69. Be5 Ng4 70. Bf4 Ba2 71. Kd7 Nf2 72. Be3 Ng4 73. Bd4 Bc4 74. Bc6 Nh2 75. Kd8 Kg8 76. Ke7 Bf7 77. Be4 Ng4 78. Bc6 Nh2 79. Bg1 Ng4 80. Kd6 Kg7 81. Ke7 Kg8 82. Bd4 Nh2 83. Be4 Ng4 84. Bg2 Nh2 85. Kd6 Ng4 1/2-1/2

[Event "Fall IM Norm Invitational 2020"]
[Site "Charlotte"]
[Date "2020.10.04"]
[Round "7.5"]
[White "Velikanov, Alexander"]
[Black "Matros, Alexander"]
[Result "1/2-1/2"]
[ECO "C51"]
[WhiteElo "2274"]
[BlackElo "2417"]
[Annotator "ChessBase"]
[PlyCount "61"]
[EventDate "2020.09.30"]
[EventType "tourn"]
[EventCountry "USA"]
[SourceTitle "playchess.com"]
[Source "ChessBase"]
[SourceQuality "1"]
[TimeControl "5400+30"]

1. e4 e5 2. Nf3 Nc6 3. Bc4 Bc5 4. b4 Bxb4 5. c3 Bc5 6. d4 exd4 7. cxd4 Bb6 8. Bg5 Nge7 9. d5 Na5 10. d6 cxd6 11. Bd5 h6 12. Bxe7 Qxe7 13. Na3 Bc5 14. Nc2 O-O 15. O-O Rb8 16. Nfd4 b6 17. Ne3 g6 18. Ng4 Kh7 19. Qd3 h5 20. Ne3 Bxd4 21. Qxd4 Ba6 22. Rfc1 Rbc8 23. f4 Rc5 24. g4 hxg4 25. Nxg4 f5 26. exf5 gxf5 27. Re1 Qg7 28. Qxg7+ Kxg7 29. Re7+ Kg6 30. Ne3 Bc4 31. Rxd7 1/2-1/2

[Event "Fall IM Norm Invitational 2020"]
[Site "Charlotte"]
[Date "2020.10.04"]
[Round "8.1"]
[White "Stearman, Josiah"]
[Black "Velikanov, Alexander"]
[Result "1/2-1/2"]
[ECO "E91"]
[WhiteElo "2354"]
[BlackElo "2274"]
[Annotator "ChessBase"]
[PlyCount "122"]
[EventDate "2020.09.30"]
[EventType "tourn"]
[EventCountry "USA"]
[SourceTitle "playchess.com"]
[Source "ChessBase"]
[SourceQuality "1"]
[TimeControl "5400+30"]

1. Nf3 Nf6 2. c4 g6 3. Nc3 Bg7 4. d4 c5 5. e4 O-O 6. Be2 d6 7. O-O Bg4 8. dxc5 dxc5 9. Be3 Nfd7 10. Ne1 Bxe2 11. Nxe2 Nc6 12. Qc2 Qa5 13. Nd3 Nde5 14. Nxe5 Bxe5 15. f4 Bd4 16. Bxd4 cxd4 17. a3 Qc5 18. Qd3 a5 19. b3 Rab8 20. e5 Rfd8 21. Ng3 b5 22. Ne4 bxc4 23. bxc4 Qa7 24. Rab1 a4 25. Rb5 Qc7 26. Rfb1 Na5 27. Nd2 Nb7 28. Rd5 Rxd5 29. cxd5 Qc3 30. Qxc3 dxc3 31. Ne4 c2 32. Rc1 Rc8 33. Kf2 Nc5 34. Nxc5 Rxc5 35. Ke3 Rxd5 36. Rxc2 Rb5 37. Rd2 Rb3+ 38. Rd3 Rb2 39. Kf3 Rb3 40. Re3 f5 41. exf6 exf6 42. h3 Kf7 43. Ke4 Rb2 44. g4 Ke6 45. Kd4+ Kd6 46. f5 Kd7 47. Re6 gxf5 48. gxf5 Rb3 49. h4 Rh3 50. Rxf6 Rxh4+ 51. Ke5 Rh3 52. Rf7+ Ke8 53. Ra7 Rxa3 54. Kf6 h5 55. Rh7 Rh3 56. Ra7 a3 57. Kg5 Rg3+ 58. Kxh5 Kf8 59. Kh4 Rg2 60. Rxa3 Kf7 61. Ra6 Rg1 1/2-1/2

[Event "Fall IM Norm Invitational 2020"]
[Site "Charlotte"]
[Date "2020.10.04"]
[Round "8.3"]
[White "Martin Del Campo C., Roberto"]
[Black "Li, Eric"]
[Result "0-1"]
[ECO "B94"]
[WhiteElo "2311"]
[BlackElo "2334"]
[Annotator "ChessBase"]
[PlyCount "126"]
[EventDate "2020.09.30"]
[EventType "tourn"]
[EventCountry "USA"]
[SourceTitle "playchess.com"]
[Source "ChessBase"]
[SourceQuality "1"]
[TimeControl "5400+30"]

1. e4 c5 2. Nf3 d6 3. d4 cxd4 4. Nxd4 Nf6 5. Nc3 a6 6. Bg5 Nbd7 7. f4 Qc7 8. Qe2 e5 9. Nf5 h6 10. Bxf6 Nxf6 11. O-O-O exf4 12. Qd2 Be6 13. Qxf4 O-O-O 14. Be2 d5 15. e5 g5 16. Qf1 Qxe5 17. Nd4 Bc5 18. Nxe6 fxe6 19. Bxa6 Be3+ 20. Kb1 bxa6 21. Qxa6+ Kd7 22. Rhe1 Ke7 23. Nb5 Kf7 24. Nd4 Bxd4 25. Rxe5 Bxe5 26. Rf1 Rb8 27. b3 Rhc8 28. a4 Rc7 29. Qe2 Bc3 30. h4 Ke7 31. hxg5 hxg5 32. Rh1 Kd6 33. Rh6 Rb4 34. Qf2 Re4 35. Qb6+ Kd7 36. Rh1 Rb4 37. Qe3 g4 38. Qg5 Kc6 39. Qe3 Kd6 40. Rh6 Rc6 41. Rh1 Be5 42. Qa7 Rc7 43. Qa5 Bc3 44. Qa8 Nd7 45. Qd8 Rb8 46. Qg5 Rc4 47. Qe3 Bd4 48. Qh6 Rxa4 49. Kc1 Be3+ 50. Qxe3 Ra1+ 51. Kb2 Rxh1 52. Qf4+ Ne5 53. c4 Re1 54. Kc3 Re4 55. Qg3 d4+ 56. Kd2 Ra8 57. b4 Ra2+ 58. Kd1 Rae2 59. Qh4 Re1+ 60. Kc2 Nxc4 61. Qd8+ Kc6 62. g3 R4e2+ 63. Kd3 Ne5+ 0-1

[Event "Fall IM Norm Invitational 2020"]
[Site "Charlotte"]
[Date "2020.10.04"]
[Round "8.4"]
[White "Krykun, Yuriy"]
[Black "Vivekananthan, Anish"]
[Result "1/2-1/2"]
[ECO "A46"]
[WhiteElo "2371"]
[BlackElo "2239"]
[Annotator "ChessBase"]
[PlyCount "176"]
[EventDate "2020.09.30"]
[EventType "tourn"]
[EventCountry "USA"]
[SourceTitle "playchess.com"]
[Source "ChessBase"]
[SourceQuality "1"]
[TimeControl "5400+30"]

1. Nf3 Nf6 2. g3 b5 3. Bg2 Bb7 4. O-O e6 5. d4 c5 6. c3 Be7 7. Bg5 d6 8. dxc5 dxc5 9. Qxd8+ Bxd8 10. a4 b4 11. Ne5 Bxg2 12. Kxg2 h6 13. Be3 Be7 14. c4 Nfd7 15. Nd3 Nc6 16. Nd2 Na5 17. b3 Rc8 18. Rab1 O-O 19. Rfd1 Nf6 20. f3 Rfd8 21. g4 Nb7 22. Kf1 a6 23. Bf2 Rd7 24. Ke1 Ne8 25. h3 Ned6 26. e3 f6 27. Ke2 Kf7 28. e4 e5 29. f4 exf4 30. Nxf4 Re8 31. Nd5 Bd8 32. Kd3 Nc8 33. Nf3 Ne7 34. Re1 Bc7 35. Kc2 Nc6 36. Rbd1 Be5 37. Rd3 Rdd8 38. Re2 Bb8 39. Nb6 Rxd3 40. Kxd3 g5 41. Kc2 Kg6 42. Re1 Be5 43. Nd5 Bd6 44. h4 Ne5 45. Nxe5+ Bxe5 46. h5+ Kf7 47. Rd1 Bd6 48. Re1 Re6 49. Ne3 Bf8 50. Nf5 Ke8 51. Bg3 Na5 52. e5 Kf7 53. exf6 Rxe1 54. Bxe1 Kxf6 55. Bg3 Ke6 56. Bc7 Nc6 57. Kd3 Kd7 58. Bg3 Na5 59. Kc2 Ke6 60. Bh2 Nc6 61. Bc7 Kd7 62. Bg3 Na5 63. Be5 Nc6 64. Bb2 Ke6 65. Ba1 Kf7 66. Bh8 Kg8 67. Bb2 Kf7 68. Kd3 Na5 69. Kc2 Nc6 70. Ba1 Kg8 71. Ng3 Kf7 72. Ne4 Ke6 73. Kd3 Na5 74. Nd2 Nb7 75. Bb2 Na5 76. Kc2 Nc6 77. Nf3 Kd6 78. Bf6 Ke6 79. Ba1 Kd6 80. Kd3 Na5 81. Be5+ Ke6 82. Kc2 Nc6 83. Bh8 Kd6 84. Kd3 Ke6 85. Nd2 Na5 86. Bb2 Nc6 87. Nf3 Na5 88. Kc2 Nc6 1/2-1/2

[Event "Fall IM Norm Invitational 2020"]
[Site "Charlotte"]
[Date "2020.10.05"]
[Round "9.1"]
[White "Matros, Alexander"]
[Black "Stearman, Josiah"]
[Result "0-1"]
[ECO "B30"]
[WhiteElo "2417"]
[BlackElo "2354"]
[Annotator "ChessBase"]
[PlyCount "88"]
[EventDate "2020.09.30"]
[EventType "tourn"]
[EventCountry "USA"]
[SourceTitle "playchess.com"]
[Source "ChessBase"]
[SourceQuality "1"]
[TimeControl "5400+30"]

1. e4 c5 2. b3 Nc6 3. Bb2 Nf6 4. e5 Nd5 5. Nf3 Nc7 6. Nc3 d5 7. exd6 exd6 8. Be2 Be7 9. d4 Bf5 10. O-O Bf6 11. Nb5 O-O 12. c3 Nd5 13. Qd2 a6 14. Na3 Re8 15. Rfe1 cxd4 16. cxd4 Be4 17. Nc4 b5 18. Ne3 Ncb4 19. Nxd5 Nxd5 20. h4 Bxh4 21. Nxh4 Qxh4 22. f3 Bf5 23. Bf1 Rac8 24. Rxe8+ Rxe8 25. a4 Bd7 26. Qf2 Qe7 27. Bc1 h6 28. Bd2 Rc8 29. Bd3 Qf6 30. g3 Bf5 31. Be4 Bxe4 32. fxe4 Qxf2+ 33. Kxf2 Nf6 34. Kf3 Rc2 35. Bb4 d5 36. e5 Ne4 37. axb5 axb5 38. Ra8+ Kh7 39. Rd8 Ng5+ 40. Kg4 Re2 41. Rxd5 Kg6 42. Kh4 Re4+ 43. g4 Re3 44. Rd6+ f6 0-1

[Event "Fall IM Norm Invitational 2020"]
[Site "Charlotte"]
[Date "2020.10.05"]
[Round "9.2"]
[White "Vivekananthan, Anish"]
[Black "Francisco, Richard"]
[Result "1-0"]
[ECO "B35"]
[WhiteElo "2239"]
[BlackElo "2303"]
[Annotator "ChessBase"]
[PlyCount "81"]
[EventDate "2020.09.30"]
[EventType "tourn"]
[EventCountry "USA"]
[SourceTitle "playchess.com"]
[Source "ChessBase"]
[SourceQuality "1"]
[TimeControl "5400+30"]

1. e4 c5 2. Nf3 Nc6 3. d4 cxd4 4. Nxd4 g6 5. Nc3 Bg7 6. Be3 Nf6 7. Bc4 O-O 8. Bb3 Re8 9. h3 d6 10. O-O Na5 11. Qd2 a6 12. Bh6 Nxb3 13. axb3 b5 14. Bxg7 Kxg7 15. Ndxb5 Bb7 16. e5 Nd7 17. Na3 Nxe5 18. Nc4 Nxc4 19. bxc4 Qc7 20. b3 Qc5 21. Rfe1 Rad8 22. Rad1 f6 23. Nd5 e6 24. Nf4 Kf7 25. Re3 Qc6 26. Qd3 f5 27. Rde1 e5 28. Nd5 Qc5 29. Rd1 Rc8 30. Qe2 e4 31. h4 Qa5 32. Rg3 Bxd5 33. Rxd5 Qa1+ 34. Kh2 Qf6 35. Qd2 Re6 36. Qh6 Rh8 37. Ra5 Re7 38. Rxa6 Qd4 39. Qf4 Re6 40. Ra5 Re5 41. c3 1-0

[Event "Fall IM Norm Invitational 2020"]
[Site "Charlotte"]
[Date "2020.10.05"]
[Round "9.3"]
[White "Li, Eric"]
[Black "Krykun, Yuriy"]
[Result "0-1"]
[ECO "A40"]
[WhiteElo "2334"]
[BlackElo "2371"]
[Annotator "ChessBase"]
[PlyCount "158"]
[EventDate "2020.09.30"]
[EventType "tourn"]
[EventCountry "USA"]
[SourceTitle "playchess.com"]
[Source "ChessBase"]
[SourceQuality "1"]
[TimeControl "5400+30"]

1. d4 e6 2. c4 b6 3. e4 Bb7 4. Bd3 Nc6 5. d5 Ne5 6. Nf3 Nxd3+ 7. Qxd3 Bb4+ 8. Nbd2 Ne7 9. a3 Bxd2+ 10. Bxd2 d6 11. Nd4 e5 12. Ne2 a5 13. b3 O-O 14. O-O Ng6 15. b4 axb4 16. axb4 Qd7 17. b5 Ne7 18. Bc3 f6 19. f3 Rfb8 20. Rxa8 Rxa8 21. Ra1 Qc8 22. Qb1 Qb8 23. g4 Bc8 24. Rxa8 Qxa8 25. Qa1 Qb8 26. Nc1 Bd7 27. Nd3 h5 28. h3 hxg4 29. hxg4 Kf7 30. Kg2 Ng6 31. Be1 Qc8 32. Kg3 Qh8 33. Kg2 Qc8 34. Kg3 Qh8 35. Kg2 Qb8 36. Bg3 Qc8 37. Nf2 Ne7 38. Bh4 g6 39. Qa2 Qh8 40. Bg3 f5 41. Qa7 f4 42. Bh2 Qc8 43. Kf1 g5 44. Bg1 Ng8 45. Nd3 Nf6 46. Nf2 Kg6 47. Qa3 Bxg4 48. fxg4 Nxg4 49. Qa6 Ne3+ 50. Ke1 Qd8 51. Qb7 Nxc4 52. Qc6 Na5 53. Qc3 Qd7 54. Nd3 Qxb5 55. Qxc7 Qxd3 56. Qxd6+ Kh5 57. Qxe5 Qb1+ 58. Kf2 Qc2+ 59. Ke1 Nc4 60. Qe6 Qc1+ 61. Ke2 Qd2+ 62. Kf1 Ne3+ 63. Bxe3 Qxe3 64. d6 Kh4 65. Qh6+ Kg4 66. Qg6 Qd3+ 67. Kf2 Qd2+ 68. Kf1 Kf3 69. Qh5+ Ke3 70. Qh3+ f3 71. Qg3 g4 72. Qg1+ Kf4 73. Qf2 Qd1+ 74. Qe1 Qxd6 75. Qc1+ Kg3 76. Qe1+ Kh3 77. Qf2 Qd1+ 78. Qe1 Qxe1+ 79. Kxe1 Kg2 0-1